 Dungeon Crawl Stone Soup version 0.28.0-53-g5a82cb258f (webtiles) character file.

Game seed: 7728340683260095687

37 Druoop the Insei (level 3, 0/27 HPs)
             Began as a Merfolk Transmuter on June 28, 2022.
             Succumbed to an adder's poison
             ... on level 2 of the Dungeon.
             The game lasted 00:11:37 (2732 turns).

Druoop the Insei (Merfolk Transmuter)               Turns: 2732, Time: 00:11:38

Health: 0/27       AC:  3    Str: 12    XL:     3   Next: 39%
Magic:  3/6        EV: 12    Int: 18    God:
Gold:   63         SH:  3    Dex: 14    Spells: 3/6 levels left

rFire   . . .      SeeInvis .     - Unarmed
rCold   . . .      Faith    .   l - +0 buckler
rNeg    . . .      Spirit   .   a - +0 robe
rPois   .          Reflect  .   (no helmet)
rElec   .          Harm     .   (no cloak)
rCorr   .          Rampage  .   j - +0 pair of gloves
Will    .....                   (no boots)
Stlth   +.........              (no amulet)
HPRegen 0.09/turn               c - +6 ring of intelligence
MPRegen 0.10/turn               (no ring)

@: lethally poisoned (0 -> -4), wereblooded
A: (nimble swimmer 2), mertail
a: no special abilities


You were on level 2 of the Dungeon.
You visited 1 branch of the dungeon, and saw 2 of its levels.

You collected 63 gold pieces.

Inventory:

Hand Weapons
 f - a +0 dagger
 i - a +0 whip
Armour
 a - a +0 robe (worn)
 b - a +0 robe
 d - a +0 plate armour
 j - a +0 pair of gloves (worn)
 l - a +0 buckler (worn)
Magical Staves
 g - a staff of death
Jewellery
 c - a +6 ring of intelligence (left hand)
Scrolls
 e - a scroll of identify
 h - a scroll of enchant armour {unknown}
 k - a scroll of summoning {unknown}


   Skills:
 + Level 1.7 Fighting
 + Level 3.3 Dodging
 + Level 3.6 Unarmed Combat
 + Level 2.3 Spellcasting
 + Level 3.2 Transmutations


You had 3 spell levels left.
You knew the following spells:

 Your Spells              Type           Power      Damage    Failure   Level
a - Beastly Appendage     Tmut           26%        N/A       6%          1
b - Wereblood             Tmut           13%        N/A       10%         2

Your spell library contained the following spells:

 Spells                   Type           Power      Damage    Failure   Level
 Spider Form              Tmut/Pois      7%         N/A       36%         3
 Ice Form                 Ice/Tmut       7%         N/A       77%         4


Dungeon Overview and Level Annotations

Branches:
Dungeon (2/15)

Altars:


Innate Abilities, Weirdness & Mutations

((You are very nimble when in or above water. (Stealth+, EV+, Speed+++)))
Your lower body shifts to a powerful aquatic tail in water.


Message History

The adder is moderately wounded.
The adder closely misses you. The endoplasm hits you.
You hit the adder.
The adder is almost dead.
The adder bites you.
You are poisoned.
The adder poisons you!
The endoplasm hits you but does no damage.
The adder bites you.
You are more poisoned.
The adder poisons you!
You barely miss the adder.
The adder is severely wounded.
You feel sick. The endoplasm freezes you.
You are frozen.
The adder bites you.
You are lethally poisoned!
The adder poisons you!
You hit the adder.
You feel a bit better.
You kill the adder!
You feel very sick.
The endoplasm hits you but does no damage.
You hit the endoplasm.
The endoplasm is heavily wounded.
You feel very sick. The goblin hits you but does no damage.
The endoplasm freezes you.
You are frozen.
* * * LOW HITPOINT WARNING * * *
You howl as the wereblood boils in your veins!
* * * LOW HITPOINT WARNING * * *
You feel sick. The endoplasm barely misses you.
* * * LOW HITPOINT WARNING * * *
You feel sick.
* * * LOW HITPOINT WARNING * * *
You feel sick.
You howl as the wereblood boils in your veins!
* * * LOW HITPOINT WARNING * * *
You feel sick.
You die...

.# ............#
.# .
............# .#
...
.......†....#
.##...#
#..J.....###
....#
......#g.......
###.# .....
#g####### ### #
# .... #g# #.. #
.##
#.#########.# #
#@........#.# +
...
#########.#.# #
#.#
######'#.######
# #.#
................
# #.#
.........#######
# #.#.#
.........# #####
###.#.#
.........# #....
..#.#.#
.........###.###
....#.#
..#####........#


You could see an endoplasm, a hobgoblin and 2 goblins.

Vanquished Creatures
  An adder (D:2)
  2 ball pythons
  5 bats
  2 endoplasms
  A giant cockroach (D:1)
  2 goblins
  4 hobgoblins
  3 jackals (D:2)
  A quokka (D:2)
  4 rats
  2 bushes (D:1)
27 creatures vanquished.

Vanquished Creatures (others)
  4 plants (D:1)
4 creatures vanquished.

Grand Total: 31 creatures vanquished

Notes
Turn   | Place    | Note
-------+----------+-------------------------------------------
     0 | D:1      | Druoop the Merfolk Transmuter began the quest for the Orb.
     0 | D:1      | Reached XP level 1. HP: 15/15 MP: 3/3
   497 | D:1      | Reached XP level 2. HP: 19/21 MP: 3/5
  2174 | D:2      | Reached XP level 3. HP: 22/27 MP: 4/6
  2287 | D:2      | Learned a level 2 spell: Wereblood
  2731 | D:2      | HP: 1/27 [poisoned by an adder]
  2732 | D:2      | Succumbed to an adder's poison

Illustrated notes

Levels and vault maps discovered:
D:1:      beargit_arrival_greenhouse, layout_basic, serial_forest,
          infiniplex_forest_clump_diagonal, infiniplex_forest_clump_tiny,
          infiniplex_forest_lined_ring, infiniplex_forest_clump_large,
          infiniplex_forest_lined_3, infiniplex_forest_lined_1,
          infiniplex_forest_clump_long, infiniplex_forest_fountain,
          infiniplex_forest_straight_4
D:2:      layout_basic

Skill      XL: |  1  2 |
---------------+-------+-----
Dodging        | 3 |  3.3
Transmutations | 3 |  3.2
Fighting       | |  1.7
Unarmed Combat | |  3.6
Spellcasting   | |  2.3

Action                   || total
-------------------------++-------
Melee: Unarmed           ||   392
       Headbutt          ||    32
       Punch             ||    13
 Cast: Beastly Appendage ||    24
       Wereblood         ||     2
  Use: Scroll            ||     1
Armor: Robe              ||    21
Dodge: Dodged            ||    64
